 Dungeon Crawl Stone Soup version 0.29-a0-555-g3b24f45cc1 (webtiles) character file.

Game seed: 1114088899637776810

20 bande the Prestidigitator (level 2, 0/20 HPs)
             Began as a Gnoll Wanderer on June 7, 2022.
             Constricted to death by a ball python (1 damage)
             ... on level 1 of the Dungeon.
             The game lasted 00:00:41 (816 turns).

bande the Prestidigitator (Gnoll Wanderer)           Turns: 816, Time: 00:00:41

Health: 0/20       AC:  3    Str: 12    XL:     2   Next: 79%
Magic:  2/2        EV:  8    Int: 10    God:
Gold:   13         SH:  0    Dex: 11    Spells: 2/2 levels left

rFire   . . .      SeeInvis .   a - +0 hand axe
rCold   . . .      Faith    .   (no shield)
rNeg    . . .      Spirit   .   f - +0 leather armour
rPois   .          Reflect  .   (no helmet)
rElec   .          Harm     .   (no cloak)
rCorr   .          Rampage  .   (no gloves)
Will    .....                   (no boots)
Stlth   ++........              (no amulet)
HPRegen 0.06/turn               (no ring)
MPRegen 0.08/turn               (no ring)

@: constricted
A: fangs 1, strong nose, distributed training
a: no special abilities


You were on level 1 of the Dungeon.
You visited 1 branch of the dungeon, and saw 1 of its levels.

You collected 13 gold pieces.

Inventory:

Hand Weapons
 a - a +0 hand axe (weapon)
 d - a +0 dagger
Missiles
 c - 10 boomerangs (quivered)
Armour
 f - a +0 leather armour (worn)
Wands
 b - a wand of flame (19)
Scrolls
 e - a scroll of fog
 g - a scroll of teleportation {unknown}
 h - a scroll of identify {unknown}
Potions
 i - a potion of flight {unknown}


   Skills:
 + Level 0.5 Fighting
 + Level 0.5 Short Blades
 + Level 0.5 Long Blades
 + Level 6.5 Axes
 + Level 0.5 Maces & Flails
 + Level 0.5 Polearms
 + Level 0.5 Staves
 + Level 0.5 Slings
 + Level 0.5 Bows
 + Level 0.5 Crossbows
 + Level 2.5 Throwing
 + Level 2.5 Armour
 + Level 0.5 Dodging
 + Level 2.3 Stealth
 + Level 0.5 Shields
 + Level 0.5 Unarmed Combat
 + Level 0.5 Spellcasting
 + Level 0.3 Conjurations
 + Level 0.3 Hexes
 + Level 0.3 Summonings
 + Level 0.3 Necromancy
 + Level 0.3 Translocations
 + Level 0.3 Transmutations
 + Level 0.3 Fire Magic
 + Level 0.3 Ice Magic
 + Level 0.3 Air Magic
 + Level 0.3 Earth Magic
 + Level 0.3 Poison Magic
 + Level 0.6 Invocations
 + Level 8.5 Evocations


You had 2 spell levels left.
You didn't know any spells.
Your spell library was empty.

Dungeon Overview and Level Annotations

Branches:
Dungeon (1/15)

Altars:


Innate Abilities, Weirdness & Mutations

You have very sharp teeth.
Your uncanny sense of smell can sniff out nearby items.
Your experience applies equally to all skills.


Message History

You hit the hobgoblin.
The hobgoblin is heavily wounded.
You barely miss the goblin. The bat barely misses you.
The goblin hits you with a +0 club. The hobgoblin closely misses you.
You closely miss the hobgoblin.
The hobgoblin is heavily wounded.
You hit the goblin.
You kill the goblin!
The bat barely misses you. The hobgoblin hits you.
You closely miss the hobgoblin.
The hobgoblin is heavily wounded.
You closely miss the bat. The bat closely misses you. The hobgoblin hits you.
You are too injured to fight recklessly!
You are too injured to fight recklessly!
You are too injured to fight recklessly!
You are too injured to fight recklessly!
You are too injured to fight recklessly!
You are too injured to fight recklessly!
You are too injured to fight recklessly!
Unknown command.
The bat attacks as you move away! The bat hits you but does no damage.
The bat hits you.
The ball python bites you but does no damage.
The ball python grabs you. The ball python constricts you.
You escape the ball python's grasp.
The ball python barely misses you. The ball python grabs you.
The ball python constricts you.
You escape the ball python's grasp.
The ball python attacks as you move away!
The ball python bites you.
* * * LOW HITPOINT WARNING * * *
The ball python closely misses you. The ball python bites you.
* * * LOW HITPOINT WARNING * * *
The ball python grabs you. The ball python constricts you.
* * * LOW HITPOINT WARNING * * *
There is an open door here.
You closely miss the ball python. The ball python bites you.
* * * LOW HITPOINT WARNING * * *
The ball python constricts you.
You die...

##+## ##...##
##.....## ## #
##.......## ##.##.#
#.........####...#.#
+....†....@Sg......#
#.........##g#.#.#.#.#
##.......###..........
##.....## ###b......#
##...## #..).>....
##'## ##.......# #.#
......... #.#
#.......# ##.##
.......(.


You could see a hobgoblin, a goblin, a bat and a ball python.

Vanquished Creatures
  A dart slug (D:1)
  A bat (D:1)
  An endoplasm (D:1)
  3 giant cockroaches (D:1)
  A hobgoblin (D:1)
  4 jackals (D:1)
  2 goblins (D:1)
  A kobold (D:1)
  A rat (D:1)
15 creatures vanquished.

Notes
Turn   | Place    | Note
-------+----------+-------------------------------------------
     0 | D:1      | bande the Gnoll Wanderer began the quest for the Orb.
     0 | D:1      | bande set off with the following items: a +0 hand axe, a
                  | wand of flame (19), 10 boomerangs, a +0 dagger, a scroll of
                  | fog, a +0 leather armour
     0 | D:1      | Reached XP level 1. HP: 13/13 MP: 1/1
   202 | D:1      | Reached XP level 2. HP: 17/19 MP: 2/2
   816 | D:1      | HP: 1/20 [ball python (3)]
   816 | D:1      | Constricted to death by a ball python

Illustrated notes

Levels and vault maps discovered:
D:1:      dpeg_arrival_erosion, layout_loops_corners, st_stairs_4

Action                   || total
-------------------------++-------
Melee: Hand axe          ||    58
       Bite              ||     1
 Stab: Sleeping          ||     2
Armor: Leather armour    ||    18
Dodge: Dodged            ||    24

Table legend: (Time is in decaauts)
 A = Elapsed time spent in this place.
 B = Non-inter-level travel time spent in this place.
 C = Inter-level travel time spent in this place.
 D = Time resting spent in this place.
 E = Time spent auto-exploring this place.
 F = Levels seen in this place.
 G = Mean time per level.
                   A        B        C        D        E       F      G
               +--------+--------+--------+--------+--------+-----+--------+
         Total |    814 |    814 |      0 |      0 |    703 |   1 |  814.0 |
       Dungeon |    814 |    814 |      0 |      0 |    703 |   1 |  814.0 |
               +--------+--------+--------+--------+--------+-----+--------+

Top non-repeatable levels by time:
     D:1: 814 daAuts
